 Dungeon Crawl Stone Soup version 0.17.1-3-g152610e (webtiles) character file.

95 Shtopit the Charlatan (level 4, -7/41 HPs)
             Began as a Troll Artificer on Apr 24, 2016.
             Mangled by a gnoll
             ... wielding a cursed -1 halberd
              (18 damage)
             ... on level 3 of the Dungeon.
             The game lasted 00:06:59 (1794 turns).

Shtopit the Charlatan (Troll Artificer)             Turns: 1794, Time: 00:06:59

Health: -7/41      AC:  5    Str: 19    XL:     4   Next: 39%
Magic:  5/5        EV: 10    Int:  8    God:
Gold:   99         SH:  0    Dex: 11    Spells: 0 memorised, 3 levels left

rFire  . . .     SeeInvis .     (no weapon)
rCold  . . .     Clarity  .     b - +0 robe
rNeg   . . .     SustAt   .     (no shield)
rPois  .         Gourm    +     (helmet restricted)
rElec  .         Spirit   .     (no cloak)
rCorr  .         Warding  .     (gloves unavailable)
rMut   .         Stasis   .     (boots unavailable)
MR     .....                    (no amulet)
Stlth  +.........               (no ring)
                                (no ring)

@: not resistant to hostile enchantments, very unstealthy
A: unfitting armour, claws 3, fast metabolism 3, gourmand, regeneration 2,
shaggy fur 1, tough skin 2
a: no special abilities


You were on level 3 of the Dungeon.
You were full.

You visited 1 branch of the dungeon, and saw 3 of its levels.

You collected 99 gold pieces.

Inventory:

Hand Weapons
 s - a +0 blowgun
Missiles
 t - 15 poisoned needles
Armour
 b - a +0 robe (worn)
Wands
 c - a wand of flame (0)
 d - a wand of enslavement (13)
 e - a wand of random effects (14)
 m - a wand of slowing (24)
Scrolls
 j - 4 scrolls of recharging {unknown}
 n - a scroll of remove curse {unknown}
 o - 3 scrolls of identify {unknown}
 p - a scroll of fog {unknown}
Potions
 a - a potion of cancellation {unknown}
 h - a potion of haste {unknown}
 i - 2 potions of heal wounds {unknown}
 k - a potion of magic {unknown}
 r - a potion of resistance {unknown}
Comestibles
 f - 4 bread rations
 g - 2 fruits
 l - 2 meat rations
 q - 3 beef jerkies


   Skills:
 + Level 1.2 Fighting
   Level 0.7 Short Blades
 + Level 2.9 Dodging
 + Level 0.4 Stealth
 + Level 0.4 Unarmed Combat
 + Level 2.9 Evocations


You had 3 spell levels left.
You didn't know any spells.

Dungeon Overview and Level Annotations

Branches:
Dungeon (3/15)

Altars:
Kikubaaqudgha
Sif Muna
Trog


Innate Abilities, Weirdness & Mutations

You are too large for most types of armour.
You have claws for hands.
Your metabolism is lightning-fast.
You like to eat raw meat.
You heal very quickly.
You are covered in fur (AC +1).
You have very tough skin (AC +2).


Message History

You closely miss the gnoll.
The gnoll is moderately wounded.
A hobgoblin comes into view. It is wielding a club.
The hobgoblin shouts!
You scratch the gnoll.
The gnoll is heavily wounded.
The gnoll hits you with a whip. The gnoll hits you but does no damage.
The gnoll hits you with a flail! The gnoll misses you.
You claw the gnoll!
You kill the gnoll!
The gnoll hits you but does no damage. The gnoll closely misses you.
The gnoll hits you from afar with a halberd.
The gnoll hits you but does no damage. The gnoll hits you with a flail.
The gnoll completely misses you.
Things that are here:
a whip; a gnoll corpse The gnoll closely misses you.
The gnoll hits you with a flail!
* * * LOW HITPOINT WARNING * * *
The gnoll hits you from afar with a halberd!!
You die...

###'###
#...... #.#
#....#. ##.#
#....#. #..#
####... #.##
#### #.# ##...
#.#######
#....
#.......#
#..##
######@#####.#
####..##
#....g)g#
#.......
#.....g.#
#.###...
#..g....#
######.##....
#.......#
#.#....##...#
#.......#
#............
.........#
#.#.#......#.
##.......#
#<.........#.
#########
#.#.....>....


You could see 3 gnolls and a hobgoblin.

Vanquished Creatures
  2 gnolls
  An adder (D:3)
  An ooze (D:2)
  A worm (D:3)
  An orc (D:3)
  13 bats
  3 goblins
  5 hobgoblins
  2 jackals (D:1)
  A quokka (D:2)
  2 ball pythons (D:2)
  3 giant cockroaches
  5 giant newts
  8 kobolds
  9 rats
57 creatures vanquished.

Vanquished Creatures (collateral kills)
  An ooze (D:1)
  A giant cockroach (D:1)
  A hobgoblin (D:1)
3 creatures vanquished.

Grand Total: 60 creatures vanquished

Notes
Turn   | Place    | Note
--------------------------------------------------------------
     0 | D:1      | Shtopit the Troll Artificer began the quest for the Orb.
     0 | D:1      | Reached XP level 1. HP: 18/18 MP: 1/1
   144 | D:1      | Reached XP level 2. HP: 17/26 MP: 2/2
   201 | D:1      | Reached skill level 1 in Fighting
   303 | D:1      | Reached XP level 3. HP: 20/33 MP: 4/4
  1610 | D:3      | Reached XP level 4. HP: 33/41 MP: 5/5
  1751 | D:3      | Found a faded altar to an unknown god.
  1765 | D:3      | Found a deep blue altar of Sif Muna.
  1771 | D:3      | Found an ancient bone altar of Kikubaaqudgha.
  1771 | D:3      | Found a bloodstained altar of Trog.
  1794 | D:3      | Mangled by a gnoll

Action                   |  1- 3 |  4- 6 || total
-------------------------+-------+-------++-------
Melee: Unarmed           |   140 |    28 ||   168
Evoke: Wand              |    18 |       ||    18
 Stab: Sleeping          |     1 |     1 ||     2
  Eat: Chunk             |    13 |     5 ||    18
